Map: [ESL] NeoHumanity

Players

Kelazhur - Winner!

  • Race: Terran Terran
  • Spawn Location: 11:00

Nina

  • Race: Protoss Protoss
  • Spawn Location: 5:00

Event: ESL SC2 Masters 2023 Summer (Regionals)

VOD

Have the link to the VOD?

Description

Time

  • Played on: May 3, 2023, 2:57 p.m.
  • Length: 16:12
Show
View Real Time Build Order
Export as new Build Order

Kelazhur Terran - Winner!

Build Orders: 1/1/1 

Get SALT Encoding   

  12  0:00  SCV  
  13  0:12  SCV  
  14  0:17  Supply Depot  
  14  0:24  SCV  
  15  0:38  SCV  
  15  0:40  Barracks  
  16  0:43  Refinery  
  16  0:51  SCV  
  16  0:52  Refinery  
  17  1:03  SCV  
  18  1:15  SCV  
  19  1:27  Orbital Command  
  19  1:28  Reaper  
  19  1:30  Supply Depot  
  20  1:42  Factory  
  20  1:54  SCV  
  20  2:00  Barracks Reactor  
  21  2:06  SCV  
  22  2:16  Command Center  
  22  2:18  SCV  
  23  2:27  Starport  
  23  2:31  SCV  
  23  2:35  Widow Mine  
  26  2:38  Marine x2  
  26  2:43  SCV  
  29  2:47  Supply Depot  
  29  2:55  SCV  
  30  3:08  Marine  
  30  3:09  Widow Mine, Marine, Medivac  
  36  3:13  SCV  
  37  3:25  SCV  
  37  3:26  Marine  
  39  3:27  Marine  
  39  3:31  Factory Tech Lab  
  40  3:42  SCV, Starport Tech Lab  
  40  3:45  Barracks  
  40  3:46  Barracks, Orbital Command  
  41  3:53  Siege Tank  
  44  3:56  SCV  
  44  3:58  Marine  
  46  4:05  Raven  
  46  4:08  SCV  
  49  4:11  Supply Depot  
  49  4:16  SCV  
  50  4:21  SCV  
  49  4:24  Marine x2  
  49  4:28  Siege Tank  
  54  4:32  SCV  
  54  4:33  Bunker, SCV  
  54  4:36  Supply Depot  
  56  4:38  Barracks Tech Lab  
  56  4:43  Refinery  
  56  4:44  Marine, SCV  
  56  4:45  Marine  
  59  4:46  SCV  
  60  4:54  Marine  
  60  4:56  SCV  
  60  4:57  Stimpack  
  60  4:58  Marine, SCV  
  64  5:01  Supply Depot  
  64  5:04  Marine x2  
  66  5:08  SCV  
  66  5:11  Combat Shield  
  66  5:12  SCV  
  68  5:15  Starport Reactor, Refinery  
  68  5:18  Supply Depot  
  68  5:20  SCV  
  69  5:23  Marauder  
  69  5:26  Marine, Marauder  
  69  5:28  Marine  
  75  5:31  Supply Depot  
  75  5:32  SCV  
  75  5:34  SCV  
  77  5:40  Siege Tank  
  80  5:45  SCV  
  80  5:46  SCV  
  82  5:50  Marauder x2  
  82  5:52  Marine  
  88  5:57  SCV, Marine  
  88  5:58  SCV, Medivac  
  88  6:00  Medivac  
  88  6:02  Supply Depot  
  92  6:13  Marauder  
  94  6:24  Marine x2, Siege Tank, Marauder  
  101  6:27  SCV  
  101  6:30  Concussive Shells  
  101  6:31  Supply Depot  
  102  6:40  Marauder  
  102  6:42  Marine  
  102  6:52  Marine, Medivac x2, SCV  
  102  6:53  Marauder  
  108  6:55  SCV  
  108  7:03  Siege Tank  
  108  7:05  SCV  
  108  7:06  Marauder  
  108  7:08  Command Center  
  108  7:12  SCV  
  108  7:14  Marine  
  110  7:18  Supply Depot  
  110  7:20  Marine, Marauder  
  110  7:21  SCV  
  114  7:31  Marauder  
  114  7:32  SCV  
  114  7:33  SCV  
  114  7:35  Supply Depot  
  118  7:37  Engineering Bay x2  
  118  7:40  Marine  
  118  7:42  Barracks  
  119  7:44  SCV  
  119  7:45  Barracks  
  119  7:49  Medivac x2, Factory Reactor  
  119  7:50  Marauder  
  126  7:56  SCV, Marauder  
  129  8:00  Supply Depot  
  129  8:01  Marine x2  
  131  8:05  SCV  
  131  8:10  SCV  
  131  8:12  Terran Infantry Weapons Level 1, Terran Infantry Armor Level 1  
  133  8:20  Marauder, Medivac  
  133  8:22  Marine, Marauder  
  133  8:24  SCV  
  141  8:27  Supply Depot  
  141  8:35  Marauder  
  141  8:36  SCV x2  
  141  8:39  Marine x2  
  141  8:40  Orbital Command, Marine  
  148  8:42  Marauder, Factory Reactor  
  148  8:43  Supply Depot  
  148  8:45  Armory  
  152  8:48  Marauder  
  152  8:54  Marine  
  153  8:56  Marauder  
  152  9:03  Marauder  
  152  9:04  Marine x2  
  152  9:09  Marauder  
  158  9:10  Medivac x2, Refinery x2  
  158  9:11  Supply Depot  
  162  9:17  Marauder  
  162  9:18  Marine x2  
  162  9:19  Widow Mine x2  
  162  9:22  Supply Depot x2  
  170  9:24  Marine  
  170  9:25  Marauder  
  173  9:31  Supply Depot  
  173  9:32  SCV x2  
  173  9:34  Marine, Marauder  
  178  9:39  Marauder  
  178  9:43  Marine, Viking  
  182  9:50  Marauder  
  180  9:57  Marine x3, Marauder  
  184  10:00  Marine  
  184  10:05  Command Center  
  181  10:13  Marauder  
  144  10:21  Marine  
  144  10:22  Marine, Marauder  
  137  10:28  Medivac x2  
  137  10:30  Widow Mine x2  
  137  10:31  Marine  
  137  10:32  Marauder  
  137  10:33  Marine  
  137  10:34  Marine  
  137  10:35  Terran Infantry Weapons Level 2  
  148  10:36  Terran Infantry Armor Level 2  
  148  10:39  Marine  
  143  10:43  Marauder  
  143  10:45  Marine  
  143  10:47  SCV x2  
  143  10:49  Marine  
  149  10:52  Marauder  
  149  10:53  Missile Turret  
  149  10:55  Ghost Academy  
  151  10:58  Medivac x2  
  155  11:05  Marine x4, Marauder  
  155  11:11  SCV x3  
  164  11:16  Widow Mine x2  
  164  11:17  Marauder  
  168  11:19  Sensor Tower  
  168  11:20  Marine  
  168  11:22  Planetary Fortress  
  168  11:23  Marine  
  170  11:27  SCV x2  
  170  11:31  Ghost x2  
  176  11:38  Ghost  
  178  11:43  Marine x4  
  175  12:03  Ghost x2  
  175  12:04  Marine x2  
  178  12:09  Viking x2  
  178  12:13  Marine x2, Marauder  
  178  12:15  Barracks x3  
  182  12:21  Marine x2  
  184  12:25  SCV x3  
  184  12:26  SCV  
  184  12:31  Command Center  
  184  12:32  Marauder x2  
  166  12:37  SCV  
  158  12:45  Marine  
  158  12:46  Marauder  
  158  12:50  Marine x2  
  154  12:52  Terran Infantry Weapons Level 3  
  154  12:54  Marauder x2, Terran Infantry Armor Level 3  
  158  13:05  Marine x2  
  159  13:07  Widow Mine x2, Marauder  
  159  13:11  Medivac x2  
  169  13:15  Marauder x2  
  169  13:20  Marine x3  
  169  13:21  Barracks Tech Lab x2  
  172  13:28  Widow Mine, Marauder  
  174  13:36  Marauder  
  174  13:39  Widow Mine, Marine  
  174  13:40  Marauder x2  
  174  13:41  Medivac  
  183  13:47  Marine x3  
  183  13:48  Marauder, Planetary Fortress  
  186  13:49  Widow Mine  
  186  13:51  Command Center  
  185  13:55  Ghost  
  185  13:56  Marine  
  185  13:57  Marine, Ghost  
  185  14:00  Ghost  
  185  14:01  Widow Mine, Ghost  
  197  14:08  Terran Ship Weapons Level 1  
  197  14:09  Marine x3  
  200  14:11  Starport  
  200  14:14  Medivac  
  200  14:16  Barracks Tech Lab  
  188  14:26  Ghost  
  188  14:28  Marauder x2  
  185  14:37  Marauder x2  
  189  14:40  Widow Mine  
  189  14:41  Widow Mine, Marauder  
  186  14:49  Marauder x2  
  186  14:51  Marine x2  
  186  14:52  Medivac x2  
  178  14:55  Marauder  
  178  14:58  Marauder  
  171  15:02  Widow Mine x2, Marauder, Marine  
  171  15:03  Marine  
  181  15:07  Marauder  
  181  15:09  Orbital Command, Marine x2  
  181  15:10  Marauder  
  181  15:11  Marauder  
  181  15:12  Starport Reactor  
  184  15:16  Marine  
  184  15:19  Marine  
  184  15:20  Marine  
  184  15:21  Marine  
  182  15:29  Marauder  
  182  15:30  Medivac x2  
  182  15:32  Unknown  
  182  15:33  Fusion Core  
  188  15:40  Command Center  
  186  15:44  Marauder x2  
  186  15:45  Marauder  
  186  15:47  Widow Mine x2, Marauder  
  197  15:50  Marine  
Show
View Real Time Build Order
Export as new Build Order

Nina Protoss 

Build Orders: 1 Gate Expand, Blink Stalkers 

Get SALT Encoding   

  12  0:00  Probe  
  13  0:12  Probe  
  14  0:17  Pylon  
  14  0:24  Probe  
  15  0:36  Probe (Chrono Boost)  
  15  0:37  Gateway  
  16  0:47  Probe (Chrono Boost), Assimilator  
  17  0:52  Probe (Chrono Boost)  
  18  1:03  Probe  
  19  1:15  Probe  
  20  1:26  Cybernetics Core  
  20  1:33  Nexus  
  20  1:39  Pylon  
  20  1:43  Probe, Pylon  
  21  1:48  Assimilator  
  21  1:55  Probe  
  21  1:59  Stalker (Chrono Boost)  
  22  2:07  Probe  
  25  2:12  Warp Gate  
  25  2:19  Probe  
  25  2:22  Stalker  
  28  2:31  Probe  
  29  2:43  Probe (Chrono Boost)  
  30  2:45  Probe (Chrono Boost)  
  30  2:47  Twilight Council  
  31  2:54  Gateway  
  31  2:55  Probe (Chrono Boost)  
  31  2:57  Probe (Chrono Boost)  
  33  3:00  Stalker  
  33  3:02  Probe (Chrono Boost)  
  35  3:07  Probe  
  36  3:14  Gateway  
  36  3:16  Probe  
  36  3:19  Blink (Chrono Boost)  
  37  3:20  Probe  
  38  3:28  Probe  
  38  3:33  Probe  
  40  3:35  Pylon  
  40  3:40  Probe  
  41  3:45  Probe  
  41  3:46  Robotics Facility  
  42  3:52  Probe  
  43  3:57  Probe  
  43  4:00  Pylon, Stalker  
  46  4:03  Stalker  
  46  4:04  Probe  
  49  4:10  Stalker  
  49  4:11  Probe  
  49  4:16  Probe  
  53  4:17  Assimilator  
  53  4:23  Probe  
  54  4:28  Probe  
  55  4:35  Probe, Observer (Chrono Boost)  
  57  4:40  Assimilator  
  57  4:47  Nexus, Stalker  
  57  4:51  Probe, Pylon  
  60  4:55  Probe  
  61  5:03  Probe, Robotics Bay  
  62  5:07  Pylon  
  62  5:09  Probe  
  62  5:14  Charge, Zealot  
  65  5:15  Probe  
  65  5:20  Observer (Chrono Boost)  
  67  5:22  Zealot  
  67  5:28  Gateway  
  69  5:29  Probe, Gateway  
  69  5:30  Probe  
  71  5:37  Gateway  
  71  5:41  Probe  
  71  5:42  Probe  
  73  5:43  Sentry x2  
  73  5:48  Shield Battery  
  77  5:53  Probe  
  78  6:02  Gateway  
  78  6:03  Gateway  
  79  6:05  Probe, Colossus (Chrono Boost)  
  85  6:11  Probe  
  85  6:15  Probe  
  85  6:17  Probe  
  85  6:18  Pylon  
  87  6:22  Zealot  
  87  6:23  Probe  
  89  6:27  Probe, Sentry  
  89  6:29  Probe  
  89  6:30  Pylon  
  93  6:34  Gateway  
  93  6:37  Probe  
  94  6:41  Probe  
  94  6:42  Colossus (Chrono Boost)  
  97  6:55  Zealot x6  
  109  7:04  Probe x2  
  109  7:10  Pylon  
  109  7:11  Extended Thermal Lance  
  109  7:28  Probe x2, Colossus  
  109  7:29  Forge  
  117  7:33  Forge, Assimilator  
  117  7:36  Assimilator  
  117  7:38  Pylon  
  117  7:41  Pylon  
  117  7:42  Pylon  
  117  7:43  Pylon  
  117  7:44  Pylon  
  117  7:56  Probe, Stalker x3  
  124  8:02  Stalker x6  
  124  8:03  Probe  
  124  8:04  Probe  
  136  8:12  Protoss Ground Armor Level 1 (Chrono Boost), Protoss Ground Weapons Level 1 (Chrono Boost)  
  136  8:13  Probe  
  136  8:16  Observer  
  136  8:18  Pylon x2  
  137  8:22  Probe  
  137  8:25  Probe  
  137  8:27  Colossus  
  141  8:40  Zealot x5  
  141  8:41  Zealot x4  
  159  8:42  Probe x2  
  161  8:50  Probe  
  161  8:54  Pylon  
  162  8:56  Robotics Facility  
  162  8:58  Nexus  
  156  9:04  Zealot x2  
  156  9:05  Zealot  
  160  9:11  Zealot x2  
  160  9:12  Zealot  
  160  9:15  Pylon  
  166  9:21  Zealot x3  
  172  9:28  Probe x2  
  172  9:35  Disruptor  
  172  9:36  Shield Battery  
  172  9:38  Shield Battery  
  175  9:42  Zealot x4  
  178  9:48  Zealot x4  
  174  9:57  Zealot  
  173  10:04  Zealot x4  
  177  10:09  Templar Archives  
  177  10:13  Disruptor  
  158  10:18  Stalker x3  
  158  10:19  Stalker  
  148  10:25  Zealot x3  
  148  10:30  Protoss Ground Armor Level 2 (Chrono Boost)  
  148  10:31  Protoss Ground Weapons Level 2 (Chrono Boost)  
  148  10:32  Disruptor (Chrono Boost)  
  148  10:33  Probe x2  
  148  10:34  Probe  
  148  10:35  Probe  
  151  10:45  Probe  
  155  10:53  Probe  
  155  10:56  Disruptor (Chrono Boost)  
  156  10:57  High Templar x5  
  156  10:58  High Templar x3  
  156  11:03  Archon  
  156  11:04  Archon x3  
  170  11:09  Disruptor (Chrono Boost)  
  170  11:17  Psionic Storm  
  171  11:20  Gateway  
  171  11:21  Probe  
  171  11:22  Probe  
  171  11:23  Pylon  
  171  11:24  Pylon, Assimilator  
  171  11:25  Assimilator  
  171  11:28  High Templar  
  171  11:30  Photon Cannon  
  171  11:31  Nexus, Shield Battery  
  173  11:34  Probe  
  173  11:35  Photon Cannon  
  173  11:37  Observer  
  175  11:40  Photon Cannon  
  175  11:50  Zealot x8  
  171  12:06  Zealot  
  171  12:08  Probe x4  
  173  12:11  Shield Battery  
  173  12:12  Shield Battery  
  173  12:13  Disruptor x2 (Chrono Boost)  
  173  12:14  High Templar x2  
  178  12:16  Photon Cannon  
  178  12:20  Probe x2  
  187  12:22  Probe  
  187  12:25  Nexus  
  172  12:33  Zealot x4  
  172  12:34  Zealot x3  
  170  12:38  Stalker  
  166  12:49  Zealot x2  
  166  12:58  Stalker  
  166  12:59  Stalker x5  
  166  13:04  Probe  
  177  13:08  Probe  
  177  13:11  Stalker x2  
  177  13:12  Probe  
  174  13:13  Probe  
  174  13:16  Probe  
  174  13:18  Archon  
  160  13:20  Probe, Zealot x2  
  160  13:22  Stalker x3  
  160  13:24  Probe  
  160  13:25  Probe  
  160  13:26  Zealot  
  171  13:28  Probe  
  171  13:29  Stalker  
  171  13:32  Probe  
  169  13:36  Probe, Stalker x2  
  169  13:38  Probe  
  169  13:40  Probe  
  169  13:41  Colossus (Chrono Boost)  
  163  13:44  Probe  
  170  13:48  Probe  
  170  13:50  Probe  
  170  13:52  Probe, Zealot x2  
  170  13:55  Observer (Chrono Boost)  
  175  13:56  Probe  
  175  13:59  Pylon  
  175  14:02  High Templar x2  
  180  14:03  High Templar x2  
  180  14:07  Stalker x3  
  180  14:08  High Templar  
  192  14:12  Pylon  
  192  14:13  Stalker x2  
  183  14:31  Zealot x3  
  183  14:37  Zealot x4  
  188  14:42  Probe, High Templar x2  
  174  14:48  Archon  
  174  14:50  Zealot x2, Archon  
  174  14:51  Zealot x2  
  149  15:02  Stalker x4, Colossus x2 (Chrono Boost)  
  154  15:09  Probe  
  154  15:13  Zealot x4  
  160  15:14  Probe  
  160  15:15  Probe  
  160  15:18  High Templar x2  
  160  15:19  Probe  
  162  15:24  Shield Battery  
  162  15:26  Probe  
  162  15:27  Probe x2, Assimilator  
  165  15:29  High Templar x4, Assimilator  
  165  15:34  Archon  
  165  15:35  Archon  
  173  15:37  High Templar  
  152  15:47  Zealot x3  
  141  15:51  Stalker x2  
  147  16:01  Zealot x4  
Tags
 
Add a new tag
Caveats
  • Supply blocks, unpowered buildings, or Contaminate may cause inaccurate times.
  • Supply counts are checked every 10 seconds.